AoeStats
← Dodô Pressão

Nomad

504629217Analyzed
2v2 RM · 27d ago on Sep 6, 2026· 62m 4s· 4 players
Game mode
Random Map
Map size
176×176
Population
200
Speed
Normal
Resources
Standard
Victory
Conquest
Starting age
Dark Age
Ending age
Imperial Age
RankedLock teamsTeams togetherTeam positionsShared explorationLock speedFull tech treeHidden civsTurbo modeCheats
Victory
Defeat
🇨🇴 Burmese · Colombia
536
+17
🇨🇴 Inca · Colombia
523
+17
🇧🇷 Tatars · Brazil
555
-17
🇲🇽 Byzantines · Mexico
543
-17
WARRIOR9608
17:11 Feudal Age
25:06 Castle Age
22:51 Champi Runner
23:17 Arson
25:32 Horse Collar
25:37 Double-Bit Axe
25:43 Gold Mining
25:44 Stone Mining
32:34 Imperial Age
30:24 Pikeman
30:26 Champi Warrior
42:02 Elite Champi Warrior
42:06 Halberdier
42:46 Squires
49:16 Elite Kamayuk
caalriac
8:46 Loom
18:16 Feudal Age
18:43 Horse Collar
18:41 Man-at-Arms
20:13 Arson
23:45 Fishing Lines
26:16 Gold Mining
28:38 Castle Age
28:50 Bloodlines
29:47 Wheelbarrow
29:09 Stone Mining
30:43 Heavy Plow
30:08 Elite Skirmisher
30:46 Fletching
31:07 Forging
30:58 Padded Archer Armor
32:50 Bodkin Arrow
34:40 Crossbowman
36:01 Iron Casting
35:27 Scale Mail Armor
36:00 Gillnets
37:04 Manipur Cavalry
38:28 Husbandry
41:26 Gold Shaft Mining
42:07 Murder Holes
42:33 Ballistics
47:17 Chain Mail Armor
47:09 Scale Barding Armor
49:41 Imperial Age
47:06 Town Watch
47:55 Pikeman
48:35 Squires
51:54 Hand Cart
51:46 Town Patrol
54:42 Chemistry
53:49 Bracer
54:50 Blast Furnace
56:05 Cavalier
mezuziel
13:08 Feudal Age
15:30 Double-Bit Axe
15:31 Horse Collar
26:28 Castle Age
26:36 Elite Skirmisher
26:39 Pikeman
27:30 Scale Barding Armor
27:25 Padded Archer Armor
29:20 Fletching
33:09 Bodkin Arrow
33:28 Forging
36:01 Thumb Ring
35:59 Loom
36:35 Leather Archer Armor
37:04 Wheelbarrow
40:44 Imperial Age
39:57 Ballistics
42:32 Chemistry
44:23 Hand Cart
47:28 Chemistry
47:39 Gold Mining
55:07 Bow Saw
Dodô Pressão
20:37 Feudal Age
23:56 Double-Bit Axe
27:50 Castle Age
26:36 Wheelbarrow
26:59 Fishing Lines
35:05 Gillnets
37:45 Bow Saw
38:29 Gold Mining
39:28 Hand Cart
39:43 Husbandry
41:33 Gold Shaft Mining
40:52 Stone Mining
43:35 Crossbowman
46:18 Ballistics
46:39 Forging
46:35 Scale Barding Armor
46:20 Fletching
46:30 Padded Archer Armor
60:09 Iron Casting
Connection lost

Rejoining the realm…

Still unreachable

The connection could not be restored.

Session expired

The server has moved on; the page needs a fresh start.